 Dungeon Crawl Stone Soup version 0.31-a0-627-gd65175cf8b (webtiles) character file.

Game seed: 1210459741762892066

208 GordonOverkill the Sneak (level 5, -5/30 HPs)
             Began as a Vine Stalker Delver on Aug 25, 2023.
             Slain by a mummy (12 damage)
             ... in an ossuary.
             The game lasted 00:02:44 (434 turns).

GordonOverkill the Sneak (Vine Stalker Delver)       Turns: 434, Time: 00:02:45

Health: -5/30      AC:  3    Str: 17    XL:     5   Next: 86%
Magic:  0/6        EV: 12    Int: 10    God:
Gold:   0          SH:  0    Dex: 15    Spells: 4/4 levels left

rFire   . . .        a - +0 short sword
rCold   . . .        (no shield)
rNeg    . . .        b - +0 leather armour
rPois   .            (no helmet)
rElec   .            (no cloak)
rCorr   .            (no gloves)
SInv    .            (no boots)
Will    .....        (no amulet)
Stlth   +++          (no ring)
HPRegen 1.05/turn    (no ring)
MPRegen 0.10/turn

%: guardian spirit
@: hasted, very quick
A: fangs 2, regeneration 1, magic shield, antimagic bite, no potion heal 2
a: no special abilities


You were in an ossuary.
You visited 1 branch of the dungeon, and saw 3 of its levels.
You also visited: Ossuary.

Inventory:

Hand Weapons
 a - a +0 short sword (weapon)
Armour
 b - a +0 leather armour (worn)
Wands
 g - a wand of digging (3)
Scrolls
 c - a scroll of fog
 e - a scroll of fear
 h - a scroll of identify {unknown}
 i - a scroll of amnesia {unknown}
Potions
 j - a potion of resistance {unknown}


   Skills:
 + Level 4.8 Fighting
 - Level 3.0 Short Blades
 - Level 1.0 Throwing
 - Level 2.0 Dodging
 - Level 6.0 Stealth


You had 4 spell levels left.
You didn't know any spells.
Your spell library was empty.

Dungeon Overview and Level Annotations

Branches:
Dungeon (6/15)            Ossuary (1/1)
 Temple: D:4-7

Altars:
Nemelex Xobeh

Shops:
D:5 :

Annotations:
D:5 exclusion: hound


Innate Abilities, Weirdness & Mutations

You have extremely sharp teeth.
Your natural rate of healing is unusually fast.
When hurt, damage is shared between your health and your magic reserves.
Your bite disrupts and absorbs the magic of your enemies.
Potions cannot restore your health.


Message History

The mummy is lightly damaged.
You hit the mummy but do no damage.
The mummy is lightly damaged.
The mummy completely misses you.
You hit the mummy but do no damage.
The mummy is lightly damaged.
You hit the mummy.
The mummy is moderately damaged.
The mummy hits you!
* * * LOW HITPOINT WARNING * * *
The mummy hits you.
* * * LOW HITPOINT WARNING * * *
You hit the mummy but do no damage.
The mummy is moderately damaged.
The mummy misses you.
You closely miss the mummy. Your bite misses the mummy.
The mummy is moderately damaged.
The mummy hits you but does no damage.
You feel yourself speed up. The mummy hits you!
* * * LOW HITPOINT WARNING * * *
The mummy hits you but does no damage.
Throw: throwing net
Press: ? - help, Q - select action Shift-Dir - straight line, f - mummy
Aim: a mummy (moderately damaged, 73% to hit)
You throw a throwing net. The throwing net hits the mummy.
The mummy is caught in the net!
The mummy is moderately damaged.
You hit the mummy.
The mummy is heavily damaged.
The mummy hits you.
* * * LOW HITPOINT WARNING * * *
You hit the mummy.
The mummy is severely damaged.
The mummy struggles against the net.
You hit the mummy. You bite the mummy, but do no damage.
The mummy is severely damaged.
You hit the mummy but do no damage.
The mummy is severely damaged.
The mummy hits you!
You die...

#^..^.#
#^^...#
#.....#
#..∩..#
#.....#
#..∩..#
#.....#
#.....#
#@M...#
#.M...#
##...##
#####


You could see 2 mummies.

Vanquished Creatures
  A centaur (D:5)
  A jelly (D:5)
  A gnoll bouda (D:4)
  A mummy (Ossuary)
  5 gnolls
  A dart slug (D:4)
10 creatures vanquished.

Notes
Turn   | Place    | Note
-------+----------+-------------------------------------------
     0 | D:5      | GordonOverkill the Vine Stalker Delver began the quest for
                  | the Orb.
     0 | D:5      | Reached XP level 1. HP: 11/11 MP: 2/2
    78 | D:5      | Found a sparkling altar of Nemelex Xobeh.
    82 | D:5      | Noticed a hound
    95 | D:5      | Noticed a centaur
   104 | D:5      | Killed a centaur
   105 | D:5      | Reached XP level 2. HP: 17/17 MP: 3/3
   105 | D:5      | Reached XP level 3. HP: 21/21 MP: 4/4
   105 | D:5      | Gained mutation: Your natural rate of healing is unusually
                  | fast. [Vine Stalker growth]
   105 | D:5      | Reached XP level 4. HP: 25/25 MP: 5/5
   112 | D:5      | Found Suez's Tiny Tomes.
   225 | D:4      | Noticed an ogre
   250 | D:4      | Reached XP level 5. HP: 22/29 MP: 3/6
   411 | D:5      | Found a sand-covered staircase.
   418 | Ossuary  | Entered an ossuary
   423 | Ossuary  | Reached skill level 1 in Throwing
   434 | Ossuary  | Slain by a mummy

Illustrated notes

Levels and vault maps discovered:
D:4:      layout_basic, mainiacjoe_overflow_boulevard, dk_yredelemnul_ordeal,
          nicolae_ru_the_path_less_chosen, nicolae_overflow_quartered_altars,
          minmay_temple_entry_overgrown, serial_co_window_serial,
          co_window_paths_b, co_window_corner_a, co_window_paths_a,
          co_window_paths_a, co_window_paths_a, co_window_broadway_a,
          co_window_corner_b, co_window_broadway_a, glass_columns_a,
          glass_columns_b
D:5:      layout_rooms, nemelex_xobeh_ov_fountains_minmay,
          chequers_ossuary_entry_cave, nicolae_shop_i_like_small_books_too
D:6:      layout_loops_ring, gammafunk_ghost_nasty_kobolds
Ossuary:  ossuary_the_hunt_dpeg

Skill      XL: |  1  2  3  4  5 |
---------------+----------------+-----
Fighting       | 3 4 |  4.8
Short Blades   | 3 |  3.0
Dodging        | 2 |  2.0
Throwing       | 1 |  1.0
Stealth        | |  6.0

Action                     |  1- 3 |  4- 6 || total
---------------------------+-------+-------++-------
  Melee: Short sword       |     2 |    79 ||    81
         Bite              |       |    29 ||    29
  Throw: Throwing net      |       |     2 ||     2
    Use: Scroll            |     1 |       ||     1
         Potion            |       |     1 ||     1
   Stab: Sleeping          |     1 |     1 ||     2
         Held in net/web   |       |     2 ||     2
 Armour: Leather armour    |       |     5 ||     5
  Dodge: Dodged            |     2 |    34 ||    36

Table legend: (Time is in decaauts)
 A = Elapsed time spent in this place.
 B = Non-inter-level travel time spent in this place.
 C = Inter-level travel time spent in this place.
 D = Time resting spent in this place.
 E = Time spent auto-exploring this place.
 F = Levels seen in this place.
 G = Mean time per level.
                   A        B        C        D        E       F      G
               +--------+--------+--------+--------+--------+-----+--------+
         Total |    423 |    423 |      0 |     86 |      0 |   4 |  105.8 |
       Dungeon |    410 |    410 |      0 |     86 |      0 |   3 |  136.7 |
       Ossuary |     13 |     13 |      0 |      0 |      0 |   1 |   13.0 |
               +--------+--------+--------+--------+--------+-----+--------+

Top non-repeatable levels by time:
     D:4: 212 daAuts
     D:5: 154 daAuts
     D:6: 43 daAuts
 Ossuary: 13 daAuts
